 Dungeon Crawl Stone Soup version 0.31.0-11-ge490571c62 (webtiles) character file.

Game seed: 4871015396347033729

144802 Minsecho the Warrior (level 18, -3/162 HPs)
             Began as a Formicid Fighter on Feb 7, 2024.
             Was the Champion of Makhleb.
             Slain by the 27-headed Lernaean hydra (7 damage)
             ... on level 4 of the Swamp.
             The game lasted 01:14:00 (24874 turns).

Minsecho the Warrior (Formicid Fighter)            Turns: 24874, Time: 01:14:00

Health: -3/162     AC: 18    Str: 29    XL:     18   Next: 2%
Magic:  29/29      EV: 24    Int:  8    God:    Makhleb [******]
Gold:   783        SH: 13    Dex: 15    Spells: 17/17 levels left

rFire   + . .        a - +7 dire flail "Apaoceli" {speed, rF+ rC- rN+ Str+2}
rCold   x . .        Q - +0 kite shield {reflect}
rNeg    + . .        U - +0 swamp dragon scales
rPois   +            (helmet unavailable)
rElec   .            c - scarf {repulsion}
rCorr   .            S - +0 pair of gloves
SInv    +            H - +3 pair of seven-league boots {Rampage+∞}
Will    +....        E - amulet of regeneration
Stlth   ++           N - +5 ring of evasion
HPRegen 1.27/turn    W - +5 ring of evasion
MPRegen 0.21/turn

%: repel missiles, reflection, rampage+∞
@: no status effects
A: permanent stasis, dig shafts and tunnels, antennae 3, four strong arms,
iridescent scales 1
a: Dig, Shaft Self, Renounce Religion, Minor Destruction, Lesser Servant of
Makhleb, Major Destruction, Greater Servant of Makhleb


You were on level 4 of the Swamp.
You worshipped Makhleb.
Makhleb was exalted by your worship.
You visited 3 branches of the dungeon, and saw 24 of its levels.
You also visited: Ossuary and Ice Cave.

You collected 1708 gold pieces.
You spent 925 gold pieces at shops.

Inventory:

Hand Weapons
 a - the +7 dire flail "Apaoceli" (weapon) {speed, rF+ rC- rN+ Str+2}
   (You bought it in a shop on level 7 of the Dungeon)

   Str+2:     It affects your strength (+2).
   rF+:       It protects you from fire.
   rC-:       It makes you vulnerable to cold.
   rN+:       It protects you from negative energy.
 b - a +5 dire flail of holy wrath
Missiles
 m - 2 throwing nets
 n - a curare-tipped dart
 A - 4 silver javelins
 K - 5 datura-tipped darts
 O - 6 atropa-tipped darts
Armour
 c - a scarf of repulsion (worn)
 r - a +2 chain mail of willpower
 x - the +2 leather armour of Words of Power {rElec Dex+3}
   (You found it on level 5 of the Dungeon)

   Dex+3:     It affects your dexterity (+3).
   rElec:     It insulates you from electricity.
 H - the +3 pair of seven-league boots (worn) {Rampage+∞}
   (You found it on level 11 of the Dungeon)

   Rampage+∞: When moving toward enemies, its wearer moves as far as possible,
   alerting their target en route.
 Q - a +0 kite shield of reflection (worn)
 S - a +0 pair of gloves (worn)
 U - +0 swamp dragon scales (worn)
Magical Staves
 L - a staff of cold
Jewellery
 k - a ring of willpower
 t - a ring of resist corrosion
 E - an amulet of regeneration (around neck)
 M - a ring of protection from cold
 N - a +5 ring of evasion (left hand)
 P - a ring of positive energy
 W - a +5 ring of evasion (right hand)
 Z - a ring of willpower
Wands
 p - a wand of iceblast (24)
 q - a wand of flame (35)
 y - a wand of mindburst (40)
 G - a wand of acid (2)
 R - a wand of digging (18)
 X - a wand of paralysis (28)
Scrolls
 f - a scroll of summoning
 g - a scroll of immolation
 l - a scroll of brand weapon
 B - 2 scrolls of revelation
 F - 2 scrolls of amnesia
 J - 4 scrolls of poison
 T - 6 scrolls of fog
 V - 2 scrolls of torment
 Y - 10 scrolls of identify
Potions
 d - 3 potions of might
 e - 4 potions of brilliance
 h - 8 potions of curing
 j - 2 potions of invisibility
 o - a potion of cancellation
 s - 5 potions of enlightenment
 v - 8 potions of attraction
 z - 3 potions of lignification
 D - 4 potions of mutation
 I - 3 potions of ambrosia
Miscellaneous
 u - a tin of tremorstones (1/2)
 C - a phial of floods (inert)


   Skills:
 + Level 19.6 Fighting
 - Level 2.8(11.0) Axes
 + Level 16.3(16.4) Maces & Flails
 - Level 1.4 Throwing
 + Level 10.9 Armour
 + Level 7.8 Dodging
 - Level 5.6 Stealth
 + Level 15.0 Shields
 + Level 15.6 Invocations
 + Level 2.2 Evocations


You had 17 spell levels left.
You didn't know any spells.
Your spell library contained the following spells:

 Spells                   Type           Power      Damage    Failure   Level
 Foxfire                  Conj/Fire      0%         2x1d4     63%         1
 Shock                    Conj/Air       0%         1d3       63%         1
 Sting                    Conj/Alch      0%         1d3       63%         1
 Cigotuvi's Dreadful Rot  Necr/Alch/Air  0%         N/A       77%         2
 Lesser Beckoning         Tloc           0%         N/A       77%         2
 Mercury Vapours          Alch/Air       0%         N/A       77%         2
 Momentum Strike          Conj/Tloc      0%         3d8       77%         2
 Call Canine Familiar     Summ           0%         N/A       94%         3
 Dazzling Flash           Conj/Hex       0%         N/A       94%         3
 Fugue of the Fallen      Necr           0%         N/A       94%         3
 Ozocubu's Armour         Ice            0%         N/A       94%         3
 Sigil of Binding         Hex            0%         N/A       94%         3
 Tukima's Dance           Hex            0%         N/A       94%         3
 Volatile Blastmotes      Fire/Tloc      0%         2d10      94%         3
 Airstrike                Air            0%         2d(0-16)  100%        4
 Dimensional Bullseye     Hex/Tloc       0%         N/A       100%        4
 Dispel Undead            Necr           0%         3d6       100%        4
 Fulminant Prism          Conj/Alch      0%         3d5       100%        4
 Iskenderun's Mystic Bla  Conj/Tloc      0%         2d3       100%        4
 Leda's Liquefaction      Alch/Erth      0%         N/A       100%        4
 Manifold Assault         Tloc           0%         N/A       100%        4
 Martyr's Knell           Necr/Summ      0%         N/A       100%        4
 Olgreb's Toxic Radiance  Alch           0%         N/A       100%        4
 Passage of Golubria      Tloc           0%         N/A       100%        4
 Arcjolt                  Conj/Air       0%         1d10      100%        5
 Lee's Rapid Deconstruct  Erth           0%         3d4*      100%        5
 Metabolic Englaciation   Hex/Ice        0%         N/A       100%        5
 Yara's Violent Unravell  Hex/Alch       0%         3d3       100%        5
 Bombard                  Conj/Erth      0%         9d1       100%        6
 Death Channel            Necr           0%         N/A       100%        6
 Plasma Beam              Fire/Air       0%         2x1d10    100%        6
 Sculpt Simulacrum        Ice/Alch       0%         N/A       100%        6
 Starburst                Conj/Fire      0%         6d3       100%        6
 Ozocubu's Refrigeration  Ice            0%         4d7       100%        7
 Discord                  Hex            0%         N/A       100%        8
 Maxwell's Capacitive Co  Air            0%         ∞         100%        8
 Blink                    Tloc           Unusable   N/A       N/A         2
 Swiftness                Air            Unusable   N/A       N/A         3
 Vhi's Electric Charge    Tloc/Air       Unusable   N/A       N/A         4

Dungeon Overview and Level Annotations

Branches:
Dungeon (15/15)            Temple (0/1) D:4            Lair (5/5) D:11
  Swamp (4/4) Lair:3       Spider (0/4) Lair:2        Slime (0/5) Lair:5
    Orc (0/2) D:12         Vaults (0/5) D:13         Depths (0/4) D:15
Ossuary (visited)           IceCv (visited)

Altars:
Dithmenos
Gozag
Kikubaaqudgha
Makhleb
Nemelex Xobeh
Qazlal
Wu Jian
The Shining One
Jiyva
Lugonu

Shops:
D:6 (   D:7 (   D:15 *

Portals:
Abyss: Lair:5

Annotations:
D:4 2 runed translucent doors, knightboat's ghost, amateur GnSh
Swamp:4 Lernaean hydra


Innate Abilities, Weirdness & Mutations

You cannot be hasted, slowed, berserked, paralysed or teleported.
You can dig through walls and to a lower floor.
You have a pair of large antennae on your head. (SInv)
Your four strong arms can wield two-handed weapons with a shield.
You are partially covered in iridescent scales. (AC +2)


Message History

* * * LOW HITPOINT WARNING * * *
The 27-headed Lernaean hydra bites you but does no damage.
The 27-headed Lernaean hydra completely misses you.
The 27-headed Lernaean hydra bites you but does no damage.
The 27-headed Lernaean hydra bites you!
* * * LOW HITPOINT WARNING * * *
The 27-headed Lernaean hydra completely misses you. x2
The 27-headed Lernaean hydra closely misses you.
Unknown command.
Unknown command.
Unknown command.
Okay, then.
Unknown command.
You feel much better. You block the swamp dragon's attack.
The swamp dragon claws you but does no damage.
You block the swamp dragon's attack.
You block the 27-headed Lernaean hydra's attack.
The 27-headed Lernaean hydra bites you.
* * * LOW HITPOINT WARNING * * *
The 27-headed Lernaean hydra bites you but does no damage.
The 27-headed Lernaean hydra completely misses you.
The 27-headed Lernaean hydra bites you but does no damage. x2
The 27-headed Lernaean hydra bites you!
* * * LOW HITPOINT WARNING * * *
The 27-headed Lernaean hydra barely misses you.
The 27-headed Lernaean hydra bites you.
* * * LOW HITPOINT WARNING * * *
The 27-headed Lernaean hydra bites you but does no damage.
The 27-headed Lernaean hydra barely misses you.
The 27-headed Lernaean hydra bites you but does no damage. x2
The 27-headed Lernaean hydra misses you. x3
The 27-headed Lernaean hydra bites you but does no damage.
The 27-headed Lernaean hydra bites you!
* * * LOW HITPOINT WARNING * * *
The 27-headed Lernaean hydra completely misses you.
The 27-headed Lernaean hydra bites you but does no damage.
The 27-headed Lernaean hydra bites you.
* * * LOW HITPOINT WARNING * * *
The 27-headed Lernaean hydra bites you!
You die...

#....~..♣♣ ♣..(....♣♣
♣≈.#~♣...♣ ♣♣ ♣....~~~.. ##
#### ♣≈.♣♣♣♣♣...~~~§~
####≈####≈≈### #≈.♣♣♣...~)†..
≈≈~≈#≈≈~≈≈≈≈~#####~♣♣...~~)..
~.≈≈#.≈~≈~≈D.≈≈#[..~....~~†♣.
.~......~~D@~...~.~....~~.~~
~≈#≈~#≈~≈≈~~~.##~..♣♣|..§...
#≈≈#≈~†)#≈~######.♣♣♣.~.♣♣♣ ≈
#≈≈≈§.~≈### #≈.♣♣♣~♣♣♣♣♣.
≈.##≈.#)~.≈####≈.♣♣≈~♣♣♣♣§♣~
~.≈≈~#..~.≈≈≈##♣♣♣≈.~♣ ♣~..~
##.≈≈§≈.#≈.#≈# ♣♣≈#.♣♣♣♣♣~..
≈.≈≈~.≈.≈.≈≈## ♣≈≈≈.♣~#♣..~.
.≈~~.~≈#.^~#≈≈##♣♣♣~#§~....~~


You could see the 27-headed Lernaean hydra and a swamp dragon.

Vanquished Creatures
  A tentacled monstrosity (Swamp:3)
  A sphinx (D:14)
  A thorn hunter (Swamp:4)
  Donald (Swamp:2)
  Roxanne (Swamp:1)
  A fenstrider witch (Swamp:3)
  2 ghouls (Swamp:4)
  An ironbound thunderhulk (D:13)
  3 eleionomae
  Azrael (D:15)
  2 bunyips
  A shambling mangrove (Swamp:4)
  13 hydras
  5 ghost crabs
  4 boulder beetles
  Erica (Lair:2)
  3 catoblepae
  4 two-headed ogres
  6 centaur warriors
  10 alligators
  2 deep troll earth magi (D:14)
  4 death yaks (Lair:5)
  2 tengu warriors
  3 thrashing horrors (Lair:5)
  Nergalle (D:10)
  4 skysharks
  A hell knight (D:14)
  A pharaoh ant (Lair:2)
  A skeletal warrior (D:8)
  9 goliath frogs
  3 large abominations (Lair:5)
  2 spriggan druids
  6 swamp dragons
  10 bog bodies
  A phantasmal warrior (D:11)
  An orc knight (D:15)
  5 deep elf pyromancers
  A wolf spider (D:14)
  3 manticores
  A cyclops (D:13)
  4 will-o-the-wisps
  Maurice (D:11)
  14 ugly things
  6 meliai
  A guardian serpent (D:11)
  A guardian serpent (shapeshifter) (D:12)
  5 black mambas
  3 torpor snails
  A gargoyle (D:12)
  3 smoke demons (Lair:5)
  18 cane toads
  2 kobold demonologists (D:13)
  Jeremiah (D:8)
  An efreet (D:14)
  2 freezing wraiths
  A yaktaur (shapeshifter) (D:14)
  A yaktaur (D:12)
  A tengu conjurer (D:13)
  7 komodo dragons
  16 hornets
  2 polar bears
  6 trolls
  A tarantella (Lair:2)
  A raiju (Lair:5)
  25 blink frogs
  14 dream sheep (Lair:5)
  6 tyrant leeches
  A jumping spider (Lair:2)
  12 slime creatures
  A centaur simulacrum (D:15)
  A shadow (D:12)
  3 wyverns
  4 vampires
  11 small abominations (Lair:5)
  14 spriggans
  2 wraiths
  A ynoxinul (Lair:5)
  62 yaks
  2 humans (D:13)
  2 fire elementals (D:15)
  8 basilisks
  4 steam dragons
  A chaos spawn (Lair:5)
  2 death yak simulacra (IceCv)
  2 harpy simulacra (IceCv)
  15 swamp worms
  Menkaure (D:6)
  18 vampire mosquitoes
  2 acid dragons
  3 hell hounds (D:15)
  A hydra simulacrum (IceCv)
  22 water moccasins
  A sky beast (shapeshifter) (Lair:5)
  3 swamp drakes
  4 black bears
  3 orc warriors
  A laughing skull (D:15)
  An ogre (D:6)
  2 sky beasts (D:8)
  7 wolves
  2 centaurs
  A kobold brigand (D:13)
  A phantom (D:3)
  10 bullfrogs
  4 scorpions
  2 necrophages (Swamp:4)
  5 wights (D:8)
  11 killer bees
  6 electric eels
  A howler monkey (D:10)
  3 bombardier beetles
  4 centaur zombies (Ossuary)
  A hound (D:4)
  13 orc priests
  3 gnoll boudas
  A human zombie (Ossuary)
  A sleepcap (D:4)
  A jelly (D:5)
  3 iguanas
  15 orc wizards
  A polar bear simulacrum (IceCv)
  2 wolf simulacra (IceCv)
  7 hound zombies (Ossuary)
  2 mummies (Ossuary)
  23 gnolls
  6 adders
  2 shadow imps
  5 adder zombies (Ossuary)
  3 dart slugs
  2 ribbon worms
  39 orcs
  3 bats
  4 endoplasms
  3 hobgoblins
  6 jackals
  4 quokkas
  4 ball pythons
  4 frilled lizards
  3 gnoll zombies (Ossuary)
  5 goblins
  5 jackal zombies (Ossuary)
  6 kobolds
  6 kobold zombies (Ossuary)
  6 orc zombies (Ossuary)
  5 rats
728 creatures vanquished.

Vanquished Creatures (collateral kills)
  A vault guard (D:13)
  2 alligators (Swamp:4)
  A spriggan (Swamp:4)
  A spriggan druid (Swamp:4)
  A goliath frog (Swamp:4)
  A cyclops (D:11)
  3 ice statues (IceCv)
  A kobold demonologist (D:11)
  A hornet (Swamp:4)
  An acid dragon (D:11)
  2 swamp drakes (Swamp:4)
15 creatures vanquished.

Vanquished Creatures (others)
  A hydra (Swamp:1)
  3 bloated husks
  A tyrant leech (Swamp:3)
  3 vampire mosquitoes (Swamp:2)
  A swamp worm (Swamp:1)
  2 foxfires (Swamp:2)
11 creatures vanquished.

Grand Total: 754 creatures vanquished

Notes
Turn   | Place    | Note
-------+----------+-------------------------------------------
     0 | D:1      | Minsecho the Formicid Fighter began the quest for the Orb.
     0 | D:1      | Reached XP level 1. HP: 18/18 MP: 1/1
   122 | D:1      | Found a faded altar of an unknown god.
   154 | D:1      | Reached XP level 2. HP: 21/24 MP: 2/2
   681 | D:2      | Reached XP level 3. HP: 29/29 MP: 3/3
  1072 | D:2      | Reached XP level 4. HP: 8/37 MP: 4/4
  1537 | D:3      | Reached XP level 5. HP: 40/42 MP: 5/5
  1602 | D:3      | Found a burning altar of Makhleb.
  1611 | D:3      | Reached skill level 4 in Fighting
  1615 | D:3      | Reached skill level 1 in Stealth
  1617 | D:3      | Became a worshipper of Makhleb the Destroyer
  1647 | D:3      | Noticed a phantom
  1673 | D:3      | Killed a phantom
  1674 | D:3      | Reached skill level 1 in Maces & Flails
  1674 | D:3      | Reached XP level 6. HP: 43/48 MP: 6/6
  1766 | D:3      | Reached skill level 1 in Dodging
  1766 | D:3      | Reached skill level 5 in Shields
  1774 | D:3      | Reached skill level 1 in Throwing
  2591 | D:4      | Found a runed translucent door.
  2617 | D:4      | Noticed knightboat's ghost (amateur GnSh)
  2752 | D:4      | Found an ancient bone altar of Kikubaaqudgha.
  2777 | D:4      | Reached XP level 7. HP: 49/54 MP: 7/7
  3212 | D:4      | Found a staircase to the Ecumenical Temple.
  3346 | D:4      | Reached skill level 5 in Armour
  3411 | D:4      | Found a runed translucent door.
  3419 | D:4      | Reached * piety under Makhleb
  3677 | D:5      | Entered Level 5 of the Dungeon
  3849 | D:5      | Reached XP level 8. HP: 61/61 MP: 8/8
  4030 | D:5      | Found a sand-covered staircase.
  4039 | Ossuary  | Entered an ossuary
  4142 | Ossuary  | Reached skill level 5 in Fighting
  4175 | Ossuary  | Reached ** piety under Makhleb
  4308 | Ossuary  | Reached skill level 5 in Maces & Flails
  4438 | D:5      | Reached skill level 1 in Invocations
  4612 | D:5      | Identified the +2 leather armour of Words of Power {rElec
                  | Dex+3}
  5202 | D:6      | Noticed Menkaure
  5207 | D:6      | Killed Menkaure
  5209 | D:6      | Reached XP level 9. HP: 68/68 MP: 8/10
  5260 | D:6      | Got the Annotations on Formulae
  6198 | D:6      | Found a transporter.
  6200 | D:6      | Found Iluchu Ajaism's Weapon Shoppe.
  6227 | D:6      | Found a transporter.
  6565 | D:7      | Reached *** piety under Makhleb
  6634 | D:7      | Reached skill level 6 in Fighting
  7081 | D:7      | Found Boitui's Weapon Shoppe.
  7722 | D:8      | Found a shadowy altar of Dithmenos.
  7748 | D:8      | Reached XP level 10. HP: 76/76 MP: 13/13
  7882 | D:8      | Noticed Jeremiah
  7912 | D:8      | Killed Jeremiah
  7913 | D:8      | Reached skill level 5 in Invocations
  7964 | D:8      | Noticed a skeletal warrior
  7982 | D:8      | Noticed a rust devil
  7982 | D:8      | Noticed a rust devil
  7996 | D:8      | Noticed a two-headed ogre
  8197 | D:8      | Reached skill level 7 in Fighting
  8350 | D:9      | Reached skill level 1 in Evocations
  8382 | D:9      | Reached **** piety under Makhleb
  8597 | D:9      | Gained mutation: You are partially covered in iridescent
                  | scales. (AC +2) [potion of mutation]
  8664 | D:9      | Noticed a boulder beetle
  8683 | D:9      | Killed a boulder beetle
  8708 | D:9      | Reached XP level 11. HP: 63/84 MP: 16/16
  9285 | D:10     | Entered Level 10 of the Dungeon
  9331 | D:10     | Noticed a two-headed ogre
  9351 | D:10     | Killed a two-headed ogre
  9407 | D:10     | Found an ornate altar of the Wu Jian Council.
  9411 | D:10     | Found an opulent altar of Gozag.
  9454 | D:10     | Identified the +0 leather armour "Hoqedeatz" {rF+}
  9552 | D:10     | Identified the +6 spear of Glory {heavy, rPois Will- Dex+7}
  9661 | D:10     | Noticed Nergalle
  9678 | D:10     | Killed Nergalle
 10117 | D:11     | Found a staircase to the Lair.
 10411 | D:11     | Reached skill level 5 in Dodging
 10726 | D:11     | Noticed Maurice
 10741 | D:11     | Maurice stole an amulet of magic regeneration
 10745 | D:11     | Killed Maurice
 10777 | D:11     | Noticed a cyclops
 10794 | D:11     | Killed a cyclops
 10796 | D:11     | Noticed a phantasmal warrior
 10797 | D:11     | Reached skill level 10 in Maces & Flails
 10802 | D:11     | Killed a phantasmal warrior
 10803 | D:11     | Reached skill level 8 in Fighting
 10847 | D:11     | Found the +3 pair of seven-league boots {Rampage+∞}
 10883 | D:11     | Reached XP level 12. HP: 84/92 MP: 18/18
 11107 | D:12     | Reached skill level 5 in Stealth
 11155 | D:12     | Found a staircase to the Orcish Mines.
 11424 | D:12     | Found a frozen archway.
 11437 | IceCv    | Entered an ice cave
 11508 | IceCv    | Identified the +1 falchion of Minsecho's Destruction
                  | {drain, *Noise Int+2 Dex+3}
 11725 | IceCv    | Reached skill level 10 in Invocations
 11986 | D:12     | Reached skill level 9 in Fighting
 12045 | D:12     | Noticed a two-headed ogre
 12091 | D:12     | Killed a two-headed ogre
 12202 | D:12     | Noticed a centaur warrior
 12232 | D:12     | Killed a centaur warrior
 12560 | D:8      | Killed a two-headed ogre
 12561 | D:8      | Reached XP level 13. HP: 101/101 MP: 19/21
 12601 | D:7      | Bought the +7 dire flail "Apaoceli" {speed, rF+ rC- rN+
                  | Str+2} for 873 gold pieces
 12720 | D:8      | Found a stormy altar of Qazlal.
 13842 | D:13     | Reached skill level 10 in Fighting
 13880 | D:13     | Noticed a centaur warrior
 13896 | D:13     | Killed a centaur warrior
 13897 | D:13     | Reached skill level 10 in Shields
 14034 | D:13     | Reached ***** piety under Makhleb
 14041 | D:13     | Noticed an ironbound thunderhulk
 14048 | D:13     | Noticed a vault guard
 14065 | D:13     | Killed an ironbound thunderhulk
 14065 | D:13     | Killed a vault guard
 14232 | D:13     | Found a gate to the Vaults.
 14837 | D:14     | Found a runed translucent door.
 14839 | D:14     | Noticed a sphinx
 14875 | D:14     | Noticed an eight-headed hydra
 14884 | D:14     | Killed an eight-headed hydra
 15028 | D:14     | Identified a scroll of acquirement
 15029 | D:14     | Acquired a manual of Fighting
 15034 | D:14     | Reached XP level 14. HP: 111/111 MP: 23/23
 15228 | D:14     | Reached skill level 11 in Fighting
 15738 | D:15     | Entered Level 15 of the Dungeon
 15738 | D:15     | Found Wassi's General Store.
 15742 | D:15     | Bought a potion of might for 52 gold pieces
 15864 | D:15     | Identified the +0 pair of boots of Imoy {rC+}
 16057 | D:15     | Found a staircase to the Depths.
 16069 | D:15     | Reached skill level 12 in Fighting
 16187 | Lair:1   | Entered Level 1 of the Lair of Beasts
 16822 | Lair:1   | Reached skill level 13 in Fighting
 17197 | Lair:2   | Found a hole to the Spider Nest.
 17231 | Lair:2   | Noticed Erica
 17241 | Lair:2   | Killed Erica
 17338 | Lair:2   | Reached ****** piety under Makhleb
 17411 | Lair:2   | Reached XP level 15. HP: 125/125 MP: 24/24
 17955 | Lair:3   | Reached skill level 14 in Fighting
 18052 | Lair:3   | Found a staircase to the Swamp.
 18945 | Lair:4   | Reached skill level 15 in Fighting
 19412 | Lair:5   | Entered Level 5 of the Lair of Beasts
 19630 | Lair:5   | Reached skill level 16 in Fighting
 19637 | Lair:5   | Reached skill level 15 in Maces & Flails
 20101 | Lair:5   | Reached XP level 16. HP: 106/139 MP: 26/26
 20475 | Lair:5   | Identified the staff of Contradiction {rF- rC+ Will+ Dex+4
                  | Conj Ice}
 20590 | Lair:5   | Reached skill level 17 in Fighting
 20612 | Lair:5   | Found a corrupted altar of Lugonu.
 20612 | Lair:5   | Found a one-way gate to the infinite horrors of the Abyss.
 20699 | Lair:5   | Reached skill level 10 in Armour
 20916 | Lair:5   | Found a viscous altar of Jiyva.
 20917 | Lair:5   | Found a staircase to the Slime Pits.
 21350 | D:14     | Killed a sphinx
 21528 | D:15     | Found a glowing golden altar of the Shining One.
 21796 | D:15     | Noticed Azrael
 21817 | D:15     | Killed Azrael
 21848 | D:15     | Found a sparkling altar of Nemelex Xobeh.
 22188 | Swamp:1  | Entered Level 1 of the Swamp
 22235 | Swamp:1  | Reached skill level 18 in Fighting
 22566 | Swamp:1  | Noticed Roxanne
 22598 | Swamp:1  | Killed Roxanne
 22928 | Swamp:2  | Reached skill level 15 in Invocations
 23003 | Swamp:2  | Reached XP level 17. HP: 151/151 MP: 28/28
 23231 | Swamp:2  | Noticed Donald
 23271 | Swamp:2  | Killed Donald
 23855 | Swamp:3  | Reached skill level 19 in Fighting
 23957 | Swamp:3  | Noticed a tentacled monstrosity
 23973 | Swamp:3  | Killed a tentacled monstrosity
 24083 | Swamp:3  | Identified the +7 trident "Kedann" {elec, Str+3 Dex+3}
 24420 | Swamp:4  | Entered Level 4 of the Swamp
 24662 | Swamp:4  | Noticed a thorn hunter
 24682 | Swamp:4  | Killed a thorn hunter
 24827 | Swamp:4  | Reached skill level 15 in Shields
 24848 | Swamp:4  | Noticed the 27-headed Lernaean hydra
 24851 | Swamp:4  | Reached XP level 18. HP: 162/162 MP: 29/29
 24874 | Swamp:4  | HP: 7/162 [the 27-headed Lernaean hydra (11)]
 24874 | Swamp:4  | Slain by the 27-headed Lernaean hydra

Illustrated notes

Levels and vault maps discovered:
D:1:      amcnicky_arrival_abandoned_market, layout_basic,
          shapermc_ecumenical_altar_notcrosses
D:2:      layout_basic, grunt_decor_one_mirror
D:3:      minmay_wonky_spiral, layout_loops_ring, mainiacjoe_overflow_paths,
          hangedman_decor_clover_reticule, st_stairs_8,
          chequers_serial_rivers_room_b
D:4:      layout_cave_pods, lemuel_doored_altar, temple_hall_moat,
          ebering_ghost_sewer_f, abandoned_shop
D:5:      layout_basic, mainiacjoe_ossuary_entry_dusty_tomb, serial_demonic,
          serial_demonic_g, serial_demonic_c, serial_demonic_e, serial_demonic_b
D:6:      layout_layer_cave, serial_shops, nicolae_shop_drivethru,
          minmay_stone_trees_small, uniq_menkaure
D:7:      layout_basic, serial_shops, nicolae_shop_real_fake_doors
D:8:      cheibrodos_iron_armory, layout_rooms, lemuel_coloured_pillars_altar,
          pf_just_have_faith, minmay_shattered_shrine, uniq_jeremiah
D:9:      layout_basic, minmay_misc_feat_more_columns,
          serial_library_hellmonk_long_bookcase, nicolae_tricolors
D:10:     layout_roguey, grunt_temple_overflow_open, uniq_nergalle
D:11:     layout_roguey, lair_entry_dummy, fountainhead,
          hellmonk_guarded_unrand_seven_league_boots, uniq_maurice
D:12:     minmay_open_boxes_in_corner, layout_basic, orc_0_dummy,
          portal_ice_cave_entry_pillars_2
D:13:     layout_gridville, hellmonk_vaults_keyhole
D:14:     minmay_distorted_concentric_squares, layout_stronghold, minivault_26,
          minmay_hidden_floor
D:15:     hellmonk_depths_entry_around_the_bend, layout_long_grid, serial_shops,
          nicolae_shop_hallway_stairs, tso_altar, nemelex_spade_bored_becter,
          uniq_azrael
Lair:1:   layout_small_grid, nicolae_quartered_pool_medium, wad_woods_river_02
Lair:2:   layout_regular_city, nicolae_spider_entry_lesser_pyramids, uniq_erica
Lair:3:   layout_loops_ring, skrybe_swamp_entry_bodies, minivault_19,
          serial_bayou_lagoon_b
Lair:4:   layout_misc_corridors, st_stairs_5, grunt_megastairs_5
Lair:5:   hellmonk_lair_end_abyssal_woods, layout_cave_pods, slime_entry_1,
          eino_small_chamber_without_monster
Swamp:1:  layout_basic_swamp, nicolae_swamp_treefoil, uniq_roxanne
Swamp:2:  layout_basic_swamp, hangedman_swamp_ruin_hall,
          infiniplex_staircase_pool, uniq_donald
Swamp:3:  layout_basic_swamp, serial_swamp_ruin, evilmike_swamp_ruin_house_6,
          evilmike_swamp_ruin_house_3, evilmike_swamp_ruin_rubble_2
Swamp:4:  swamp_old_school, layout_basic_swamp, swamp_pool_3,
          nicolae_swamp_hydra_murder_den

Skill      XL: |  1  2  3  4  5  6  7  8  9 10 11 12 13 14 15 16 17 |
---------------+----------------------------------------------------+-----
Armour         | 4 5 6 7 8 9 10 | 10.9
Fighting       | 4 5 6 7 8 9 10 13 16 18 19 | 19.6
Stealth        | 1 2 3 4 5 |  5.6
Maces & Flails | 1 2 4 5 7 8 10 11 13 14 15 16 | 16.3
Dodging        | 1 2 3 4 5 6 7 |  7.8
Shields        | 5 6 7 8 9 10 11 12 13 15 | 15.0
Throwing       | 1 |  1.4
Invocations    | 1 4 7 9 10 12 13 14 15 | 15.6
Evocations     | 1 2 |  2.2
Axes           | |  2.8

Action                     |  1- 3 |  4- 6 |  7- 9 | 10-12 | 13-15 | 16-18 || total
---------------------------+-------+-------+-------+-------+-------+-------++-------
  Melee: War axe           |    52 |       |       |       |       |       ||    52
         Whip              |       |   112 |   311 |   533 |       |       ||   956
         Flail             |       |    21 |   128 |   117 |       |       ||   266
         Dire flail        |       |       |       |       |  1121 |   928 ||  2049
  Throw: Dart              |     5 |       |     7 |     7 |       |       ||    19
 Invoke: Minor Destruction |       |       |     1 |    45 |     2 |     2 ||    50
         Lesser Servant of |       |       |       |     8 |     2 |     6 ||    16
         Major Destruction |       |       |       |     1 |       |       ||     1
         Greater Servant o |       |       |       |       |       |     3 ||     3
Ability: Dig               |       |       |       |       |     1 |       ||     1
  Evoke: Wand              |       |       |     1 |    11 |     6 |     3 ||    21
         Phial of floods   |       |       |       |       |       |     1 ||     1
         Tin of tremorston |       |       |       |       |       |     1 ||     1
    Use: Potion            |       |     1 |     1 |     7 |     1 |     4 ||    14
         Scroll            |       |       |    17 |     5 |     9 |     4 ||    35
   Stab: Sleeping          |       |       |     2 |     6 |       |       ||     8
         Distracted        |       |       |       |     1 |       |       ||     1
         Petrified         |       |       |       |       |     4 |       ||     4
 Armour: Scale mail        |    33 |    87 |   186 |       |       |       ||   306
         Leather armour    |       |       |    77 |   344 |     8 |       ||   429
         Chain mail        |       |       |       |       |   466 |   237 ||   703
         Swamp dragon scal |       |       |       |       |       |   286 ||   286
  Dodge: Dodged            |    24 |    56 |   189 |   258 |   256 |   480 ||  1263
         Repelled          |       |       |       |       |     2 |     6 ||     8
  Block: Buckler           |    16 |    45 |   115 |   142 |    73 |       ||   391
         Kite shield       |       |       |       |       |   258 |   473 ||   731
         Reflection        |       |       |       |       |       |     5 ||     5
